 Dungeon Crawl Stone Soup version 0.18.1-5-g4a78601 (webtiles) character file.

23 Hipnos the Sneak (level 2, -2/19 HPs)
             Began as a Vampire Enchanter on May 14, 2016.
             Slain by a giant gecko (5 damage)
             ... on level 1 of the Dungeon.
             The game lasted 00:02:26 (1258 turns).

Hipnos the Sneak (Vampire Enchanter)                Turns: 1258, Time: 00:02:27

Health: -2/19      AC:  3    Str:  7    XL:     2   Next: 75%
Magic:  5/5        EV: 12    Int: 17    God:
Gold:   84         SH:  0    Dex: 14    Spells: 1 memorised, 4 levels left

rFire  . . .     SeeInvis +     a - +1 dagger
rCold  . . .     Gourm    .     b - +1 robe
rNeg   . . .     Faith    .     (no shield)
rPois  .         Spirit   .     (no helmet)
rElec  .         Dismiss  .     (no cloak)
rCorr  .         Reflect  .     (no gloves)
SustAt .         Harm     .     (no boots)
MR     .....                    (no amulet)
Stlth  +++.......               (no ring)
                                (no ring)

@: regenerating quickly, not resistant to hostile enchantments, fairly stealthy
A: fangs 3, see invisible, unbreathing
a: no special abilities


You were on level 1 of the Dungeon.
You were full.

You visited 1 branch of the dungeon, and saw 1 of its levels.

You collected 84 gold pieces.

Inventory:

Hand Weapons
 a - a +1 dagger (weapon)
Armour
 b - a +1 robe (worn)
Jewellery
 f - an uncursed amulet of faith {unknown}
Scrolls
 e - 2 scrolls of immolation {unknown}
 h - a scroll of teleportation {unknown}
 i - a scroll of amnesia {unknown}
 j - 2 scrolls of identify {unknown}
 l - a scroll of magic mapping {unknown}
Potions
 d - a potion of blood
 g - a potion of agility {unknown}
 k - a potion of resistance {unknown}
Books
 c - a book of Maledictions

   Spells                             Type                      Level
   a - Corona                         Hexes                        1
   b - Ensorcelled Hibernation        Hexes/Ice                    2
   c - Confuse                        Hexes                        3
   d - Tukima's Dance                 Hexes                        3
   e - Dazzling Spray                 Conjuration/Hexes            3


   Skills:
 * Level 1.5 Short Blades
 + Level 2.3 Dodging
 * Level 5.2 Stealth
 + Level 2.1 Spellcasting
 + Level 4.8 Hexes


You had 4 spell levels left.
You knew the following spells:

 Your Spells              Type           Power        Failure   Level  Hunger
a - Corona                Hex            ###....      2%          1    #......


Dungeon Overview and Level Annotations

Branches:
Dungeon (1/15)

Altars:


Innate Abilities, Weirdness & Mutations

Your natural rate of healing is unusually fast.
You have razor-sharp teeth.
You have supernaturally acute eyesight.
You can survive without breathing.


Message History

The goblin hits you with a dagger. The giant gecko barely misses you.
You closely miss the giant gecko.
The giant gecko bites you but does no damage.
You miss the giant gecko. The giant gecko bites you.
You hit the giant gecko but do no damage.
The giant gecko closely misses you.
You miss the giant gecko.
The giant gecko hisses menacingly.
The giant gecko bites you.
* * * LOW HITPOINT WARNING * * *
You barely miss the giant gecko. The giant gecko closely misses you.
You closely miss the giant gecko. The giant gecko bites you.
* * * LOW HITPOINT WARNING * * *
You miss the giant gecko. The giant gecko bites you.
* * * LOW HITPOINT WARNING * * *
You hit the giant gecko.
The giant gecko is heavily wounded.
The giant gecko bites you.
You die...

#.'.......##....##### ###
#.#.......####†.....# ..#
#.#.......# ######.#
..####.#.......##
#...#.########
.......######...##
#...#.#.......
#..#'#......'....#
#...#.#.##.###
.......######...g#
#...#.#.#..... ......>#
#######l###...#.#.###.##
.......#
#......@.##...#.#.......
#......#
#........##...#.#.###.##
.......#
#.........'.........#.##
.......#
#.........#...#.#.#...##
.......#
#.........#...#.#.######
#......#
#######'#.##.....)......
..##+### #.#.##.##.#.######
.......#########.#.##.##.#.#
.......+..)......#.##^##.#.#


You could see a giant gecko and a goblin.

Vanquished Creatures
  A dart slug (D:1)
  A ball python (D:1)
  2 giant cockroaches (D:1)
  A goblin (D:1)
  4 hobgoblins (D:1)
  2 bats (D:1)
  2 giant newts (D:1)
  4 kobolds (D:1)
  2 rats (D:1)
19 creatures vanquished.

Notes
Turn   | Place    | Note
--------------------------------------------------------------
     0 | D:1      | Hipnos the Vampire Enchanter began the quest for the Orb.
     0 | D:1      | Reached XP level 1. HP: 13/13 MP: 3/3
   453 | D:1      | Reached XP level 2. HP: 19/19 MP: 5/5
   647 | D:1      | Reached skill level 5 in Stealth
  1258 | D:1      | Slain by a giant gecko

Skill      XL: |  1  2 |
---------------+-------+-----
Stealth        | 5 |  5.2
Short Blades   | |  1.5
Dodging        | |  2.3
Spellcasting   | |  2.1
Hexes          | |  4.8

Action                   || total
-------------------------++-------
Melee: Dagger            ||    94
       Bite              ||     7
 Stab: Sleeping          ||     6
  Eat: Corpse            ||     7
Armor: Robe              ||    24
Dodge: Dodged            ||    53
